Map: 카탈리스트 - 래더

Players

HeRoMaRinE

  • Race: Terran Terran
  • League: Master
  • Spawn Location: 11:00

soO - Winner!

  • Race: Zerg Zerg
  • League: Master
  • Spawn Location: 5:00

Event: HomeStory Cup XVII

VOD

Have the link to the VOD?

Description

Time

  • Played on: June 29, 2018, 8:23 a.m.
  • Length: 8:41

All games in this series

Show
View Real Time Build Order
Export as new Build Order

HeRoMaRinE Terran 

Build Orders: Hellion Opening, Reaper Expand, MMM Bio 

Get SALT Encoding   

  12  0:00  SCV  
  13  0:13  SCV  
  14  0:17  Supply Depot  
  14  0:25  SCV  
  15  0:38  SCV  
  15  0:40  Barracks  
  16  0:44  Refinery  
  16  0:50  SCV  
  17  1:02  SCV  
  18  1:15  SCV  
  19  1:27  Orbital Command, Reaper  
  20  1:40  Command Center  
  20  1:51  Supply Depot  
  20  1:52  SCV  
  21  1:59  Marine  
  22  2:04  SCV  
  23  2:08  Factory  
  23  2:12  Refinery  
  23  2:16  SCV  
  23  2:20  Barracks Reactor  
  24  2:29  SCV  
  25  2:41  SCV  
  26  2:52  Starport, Orbital Command  
  26  2:53  SCV  
  27  3:01  Hellion  
  27  3:02  Hellion  
  27  3:05  SCV  
  32  3:06  Barracks Tech Lab  
  32  3:17  SCV  
  32  3:19  SCV  
  33  3:23  Hellion x2  
  37  3:31  Supply Depot  
  37  3:32  Viking  
  39  3:34  SCV  
  39  3:36  SCV  
  41  3:46  SCV  
  46  3:48  Hellion x2  
  46  3:53  Marine, SCV  
  46  3:54  Supply Depot  
  48  3:59  SCV  
  49  4:05  SCV  
  50  4:11  SCV  
  50  4:16  Supply Depot  
  51  4:17  SCV  
  51  4:18  Cyclone x2  
  51  4:22  Medivac  
  51  4:23  SCV  
  61  4:26  Stimpack, Marine  
  62  4:38  SCV x2  
  64  4:42  Command Center  
  64  4:44  Marine  
  65  4:50  SCV x2  
  65  4:52  Starport Reactor  
  67  5:00  Barracks  
  67  5:01  Factory Tech Lab  
  67  5:02  SCV x2, Barracks  
  67  5:03  Supply Depot  
  69  5:10  Bunker x2  
  69  5:14  SCV  
  70  5:24  Marine  
  70  5:25  Refinery, SCV  
  70  5:26  Refinery, Engineering Bay x2, SCV, Siege Tank  
  76  5:37  SCV  
  76  5:38  SCV  
  76  5:42  Marine  
  74  5:49  SCV  
  73  5:50  SCV  
  73  5:52  Barracks, Terran Infantry Weapons Level 1  
  73  5:55  Orbital Command, Barracks  
  74  5:57  Starport Reactor  
  74  6:01  Marine x2, SCV  
  74  6:03  SCV  
  76  6:04  Marine  
  76  6:05  Marine x2  
  75  6:12  Siege Tank  
  75  6:13  SCV  
  75  6:15  SCV  
  80  6:19  Marine x2  
  80  6:23  Orbital Command  
  80  6:25  SCV  
  80  6:27  Terran Infantry Armor Level 1, SCV  
  80  6:29  Marine x2  
  80  6:30  Marine  
  84  6:33  Supply Depot  
  84  6:34  Supply Depot  
  84  6:37  Medivac, Marine x2  
  84  6:38  Medivac  
  90  6:43  SCV x2  
  90  6:47  Combat Shields, Barracks Tech Lab x2, Marine  
  93  6:54  Marine, SCV  
  93  6:55  SCV x2  
  99  7:01  Marauder  
  99  7:02  Siege Tank  
  99  7:06  SCV  
  99  7:07  SCV x2  
  103  7:12  Marine x3  
  102  7:18  Marauder x2  
  102  7:19  SCV x3  
  108  7:31  Supply Depot, SCV  
  108  7:32  Medivac x2  
  108  7:33  SCV x2  
  108  7:34  Supply Depot  
  108  7:35  Supply Depot  
  108  7:37  Armory, Marauder  
  117  7:44  Refinery x2  
  117  7:52  Marauder, Marine x4, SCV x2  
  117  7:53  SCV  
  117  7:56  Marauder  
  117  7:58  Marine  
  126  8:04  SCV x2  
  99  8:10  Marine x4  
  88  8:14  Marauder  
  88  8:16  Marauder  
  88  8:17  Marine  
Show
View Real Time Build Order
Export as new Build Order

soO Zerg - Winner!

Build Orders: Pool First 

Get SALT Encoding   

  12  0:00  Drone  
  13  0:12  Overlord  
  13  0:17  Drone  
  14  0:30  Drone x2  
  14  0:34  Drone  
  17  0:44  Extractor  
  17  0:45  Drone  
  17  0:50  Spawning Pool  
  17  0:55  Drone  
  17  1:06  Drone  
  18  1:19  Hatchery  
  18  1:22  Drone  
  18  1:37  Queen, Zergling x2  
  21  1:45  Metabolic Boost  
  21  1:50  Overlord  
  21  1:54  Drone  
  22  2:09  Drone  
  22  2:11  Drone  
  22  2:12  Queen  
  26  2:21  Drone  
  27  2:30  Queen  
  27  2:31  Drone  
  27  2:32  Zergling x2  
  31  2:42  Overlord  
  31  2:46  Drone x4  
  35  2:52  Drone  
  36  3:05  Hatchery  
  35  3:08  Drone  
  35  3:10  Drone  
  35  3:12  Drone  
  38  3:16  Overlord  
  38  3:17  Drone  
  39  3:20  Drone  
  39  3:21  Drone  
  39  3:23  Drone  
  42  3:27  Overlord  
  42  3:29  Drone  
  42  3:32  Drone  
  44  3:36  Queen  
  46  3:44  Drone x2  
  48  3:49  Zergling x4  
  48  3:51  Drone  
  48  3:53  Drone  
  48  3:55  Drone x2  
  54  3:58  Roach Warren, Drone x2  
  54  3:59  Drone  
  57  4:02  Drone  
  57  4:06  Overlord  
  57  4:08  Extractor  
  56  4:12  Overlord  
  56  4:19  Drone  
  56  4:20  Overlord  
  56  4:22  Overlord  
  57  4:26  Overlord  
  57  4:40  Roach x2  
  57  4:41  Roach x5  
  71  4:50  Zergling x10  
  76  4:53  Overlord, Drone  
  76  4:54  Drone  
  76  4:55  Drone  
  76  4:58  Drone x3  
  82  5:01  Drone  
  82  5:03  Drone  
  85  5:07  Drone  
  85  5:10  Evolution Chamber  
  85  5:12  Lair  
  85  5:13  Drone, Evolution Chamber  
  84  5:14  Spore Crawler  
  84  5:16  Roach x2  
  87  5:21  Ravager x2  
  87  5:24  Roach x2  
  87  5:26  Roach x2  
  87  5:28  Drone x2  
  99  5:34  Overlord  
  96  5:44  Queen, Drone x3  
  96  5:46  Drone x2  
  96  5:47  Extractor  
  96  5:48  Drone, Extractor  
  100  5:50  Drone  
  100  5:56  Drone  
  100  5:57  Drone x3  
  104  5:58  Zerg Missile Weapons Level 1  
  104  6:00  Extractor  
  104  6:01  Drone  
  104  6:03  Extractor  
  104  6:07  Drone x2  
  106  6:12  Zerg Ground Armor Level 1  
  106  6:14  Hatchery  
  105  6:21  Overlord  
  105  6:24  Overlord  
  105  6:33  Glial Reconstitution, Drone x2  
  105  6:35  Drone x3  
  105  6:37  Overlord  
  110  6:43  Ravager  
  110  6:44  Overlord, Ravager  
  110  6:45  Roach  
  110  6:46  Overlord, Roach x5  
  124  6:48  Overlord  
  124  6:55  Overlord  
  124  7:00  Roach x3  
  130  7:02  Overlord  
  128  7:09  Roach x6  
  128  7:10  Overlord  
  128  7:14  Overlord  
  139  7:17  Roach  
  139  7:18  Roach x2  
  140  7:25  Roach x2  
  140  7:28  Roach x2  
  147  7:32  Roach x2  
  147  7:33  Roach x2  
  147  7:36  Ravager  
  156  7:37  Roach x3  
  156  7:39  Drone  
  156  7:43  Ravager x3  
  170  7:44  Roach x2  
  170  7:47  Roach  
  172  7:52  Roach x4  
  172  7:56  Roach x3  
  186  8:00  Roach  
  186  8:03  Roach x2  
  186  8:04  Roach x2  
  178  8:05  Roach  
  178  8:07  Roach  
  178  8:08  Roach  
  178  8:10  Roach  
  178  8:11  Roach  
  176  8:14  Roach  
  176  8:15  Roach  
  176  8:19  Roach  
  170  8:22  Zergling x2  
  170  8:23  Zergling x4  
  177  8:27  Ravager  
Tags
 
Add a new tag
Caveats
  • Supply blocks, unpowered buildings, or Contaminate may cause inaccurate times.
  • Supply counts are checked every 10 seconds.